 Dungeon Crawl Stone Soup version 0.27-a0-1591-gc56fcc985a (webtiles) character file.

Game seed: 8091671155064697780

10724 HAL9000 the Covert (level 11, 0/58 HPs)
             Began as a Vine Stalker Brigand on July 19, 2021.
             Was a Follower of Dithmenos.
             Slain by a blink frog (6 damage)
             ... on level 1 of the Lair of Beasts.
             The game lasted 00:30:18 (11851 turns).

HAL9000 the Covert (Vine Stalker Brigand)          Turns: 11851, Time: 00:30:18

Health: 0/58       AC:  5    Str: 15    XL:     11   Next: 66%
Magic:  0/12       EV: 15    Int: 13    God:    Dithmenos [*.....]
Gold:   510        SH:  5    Dex: 14    Spells: 4/10 levels left

rFire    + . .     SeeInvis .   v - +1 dagger (elec)
rCold    . . .     Faith    .   (no shield)
rNeg     . . .     Spirit   +   d - +1 steam dragon scales
rPois    +         Reflect  +   t - +0 helmet
rElec    .         Harm     .   c - +0 cloak
rCorr    .         Rampage  .   (no gloves)
Will     ++...                  (no boots)
Stlth    ++++++....             N - amulet of reflection
HPRegen  1.19/turn              e - ring of willpower
MPRegen  0.13/turn              h - ring of protection from fire

@: wreathed by umbra
A: fangs 3, regeneration 1, magic shield, antimagic bite, no potion heal 2,
talons 1, clumsy 1, deformed body, sense surroundings 1, poison resistance,
robust 1, evolution 1
a: Renounce Religion


You were on level 1 of the Lair of Beasts.
You worshipped Dithmenos.
Dithmenos was aware of your devotion.
You visited 2 branches of the dungeon, and saw 12 of its levels.
You also visited: Sewer.

You collected 678 gold pieces.
You spent 168 gold pieces at shops.

Inventory:

Hand Weapons
 a - a +2 dagger of draining
 v - a +1 dagger of electrocution (weapon)
 y - a +1 dagger of flaming
Missiles
 i - 14 poisoned darts
 j - 2 throwing nets (quivered)
 K - 11 boomerangs
 P - 4 curare-tipped darts
Armour
 c - a +0 cloak (worn)
 d - +1 steam dragon scales (worn)
 k - the +0 leather armour of Morality {*Slow rN+ Dex+5 SInv}
   (You bought it in a shop on level 9 of the Dungeon)

   Dex:       It affects your dexterity (+5).
   rN:        It protects you from negative energy.
   SInv:      It lets you see invisible.
   *Slow:     It may slow you when you take damage.
 t - a +0 helmet (worn)
 u - a +1 hat
Jewellery
 e - a ring of willpower (left hand)
 h - a ring of protection from fire (right hand)
 s - a ring of protection from fire
 L - a ring of positive energy
 N - an amulet of reflection (around neck)
Wands
 b - a wand of polymorph (17)
 H - a wand of flame (5)
 J - a wand of acid (17)
 Q - a wand of digging (5)
 U - a wand of mindburst (15)
Scrolls
 f - a scroll of summoning
 g - a scroll of amnesia
 l - 3 scrolls of fear
 n - 7 scrolls of teleportation
 q - 2 scrolls of enchant armour
 z - 2 scrolls of magic mapping
 E - 2 scrolls of vulnerability
 F - 2 scrolls of blinking
 R - a scroll of identify
 S - a scroll of enchant weapon
Potions
 m - a potion of flight {unknown}
 o - a potion of ambrosia
 p - 4 potions of invisibility
 r - 4 potions of brilliance
 w - a potion of degeneration {unknown}
 x - a potion of mutation
 A - a potion of haste {unknown}
 B - a potion of lignification
 C - a potion of experience {unknown}
 D - 3 potions of berserk rage {unknown}
 G - 3 potions of cancellation
 I - 3 potions of curing
 M - 2 potions of magic {unknown}
 O - a potion of might
 T - a potion of attraction {unknown}


   Skills:
 - Level 4.0 Fighting
 - Level 8.0 Short Blades
 - Level 4.0 Throwing
 + Level 7.2 Dodging
 - Level 11.7 Stealth
 - Level 9.1 Hexes


You had 4 spell levels left.
You knew the following spells:

 Your Spells              Type           Power      Damage    Failure   Level
a - Ensorcelled Hibernat  Hex/Ice        22%        N/A       8%          2
b - Tukima's Dance        Hex            23%        N/A       2%          3
c - Corona                Hex            25%        N/A       1%          1

Your spell library contained the following spells:

 Spells                   Type           Power      Damage    Failure   Level


Dungeon Overview and Level Annotations

Branches:
Dungeon (11/15)            Temple (0/1) D:5            Lair (1/6) D:11
    Orc (0/2) D:10          Sewer (visited)

Altars:
Ashenzari
Cheibriados
Dithmenos
Hepliaklqana
Kikubaaqudgha
Qazlal
Xom

Shops:
D:9 [

Annotations:
D:10 3 runed translucent doors, micdi's ghost, novice DEAE


Innate Abilities, Weirdness & Mutations

You have razor-sharp teeth.
Your natural rate of healing is unusually fast.
When hurt, damage is shared between your health and your magic reserves.
Your bite disrupts and absorbs the magic of your enemies.
Potions cannot restore your health.
You have sharp toenails.
You are clumsy. (Dex -2)
Armour fits poorly on your strangely shaped body.
You passively map a small area around you.
Your system is resistant to poisons. (rPois)
You are robust. (+10% HP)
You evolve.


Message History

You closely miss the blink frog. Your kick misses the blink frog.
The blink frog is lightly wounded.
The blink frog falters for a moment.
The blink frog barely misses you.
You hit the blink frog. Your kick misses the blink frog.
You bite the blink frog.
The blink frog's magic leaks into the air.
You drain its magic.
You feel invigorated.
The blink frog is moderately wounded.
You block the blink frog's attack.
You completely miss the blink frog. Your bite misses the blink frog.
The blink frog is moderately wounded.
The blink frog hits you!
You are too injured to fight recklessly!
You are too injured to fight recklessly!
Unknown command.
You hit the blink frog. You claw the blink frog.
Your bite misses the blink frog.
The blink frog is severely wounded.
The blink frog falters for a moment.
You miss the blink frog. Your kick misses the blink frog.
The blink frog is severely wounded.
The blink frog hits you!
* * * LOW HITPOINT WARNING * * *
You closely miss the blink frog. Your kick misses the blink frog.
You bite the blink frog.
The blink frog's magic leaks into the air.
You drain its magic.
You feel invigorated.
The blink frog is severely wounded.
The blink frog hits you!
* * * LOW HITPOINT WARNING * * *
The blink frog blinks!
The blink frog completely misses you.
You barely miss the blink frog. Your kick misses the blink frog.
Your bite misses the blink frog.
The blink frog is severely wounded.
You block the blink frog's attack.
Unknown command.
You hit the blink frog. You claw the blink frog.
The blink frog is almost dead.
The blink frog blinks!
The blink frog hits you!
You die...

#..#, .. *####≈≈## , *
##...##. * ##≈≈≈≈≈≈##* *
#......# ###≈≈.PP.≈≈##,
,.##..#...####≈≈≈......≈≈#
..........#≈≈≈...##...≈≈#
,
............P...##.#..≈≈#
, ,
F##..###†.....####...<≈≈#
* #., ##.F.### ###.≈≈≈# ..
##.@####### #≈≈≈##* ,
..,,, #...###...#######*
., ..#.#.........######.
........§............. ,
....(................$
...#####..#.#..........
..# #..###F...##... , ..
#......>†...# * ,
#.........F...§....


You could see a blink frog.

Vanquished Creatures
  A hydra (D:11)
  Harold (D:7)
  A two-headed ogre (D:9)
  Sonja (D:10)
  Pikel (D:4)
  Maurice (D:10)
  3 unseen horrors
  Grinder (D:3)
  A troll (D:9)
  Prince Ribbit (D:5)
  3 blink frogs (Lair:1)
  Sigmund (D:3)
  A wyvern (D:9)
  3 steam dragons
  2 vampire mosquitoes (D:10)
  Menkaure (D:5)
  Duvessa (D:7)
  A water moccasin (Lair:1)
  An ice beast (D:4)
  4 orc warriors
  A black bear (D:7)
  A sky beast (D:6)
  5 ogres
  9 centaurs
  6 kobold brigands
  2 water moccasin zombies
  2 scorpions
  2 wyvern zombies
  Dowan (D:7)
  6 wights
  6 howler monkeys
  2 centaur zombies
  3 hounds
  3 jellies
  Crazy Yiuf (D:3)
  A gnoll shaman (D:8)
  4 orc priests
  A centaur skeleton (D:6)
  A bullfrog skeleton (D:6)
  Jessica (D:2)
  Ijyb (D:3)
  2 iguanas
  2 orc wizards
  A howler monkey zombie (D:9)
  Robin (D:2)
  A howler monkey skeleton (D:7)
  13 gnolls
  15 adders
  2 river rats
  A shadow imp (D:3)
  A white imp (D:7)
  2 ufetubi
  An adder skeleton (D:4)
  3 worms
  A dart slug (D:1)
  25 orcs
  11 endoplasms
  8 hobgoblins
  13 jackals
  3 quokkas
  6 ball pythons
  11 bats
  6 frilled lizards
  15 goblins
  15 kobolds
  6 rats
254 creatures vanquished.

Vanquished Creatures (others)
  A dancing weapon (D:7)
  3 fungi (D:10)
4 creatures vanquished.

Grand Total: 258 creatures vanquished

Notes
Turn   | Place    | Note
-------+----------+-------------------------------------------
     0 | D:1      | HAL9000 the Vine Stalker Brigand began the quest for the
                  | Orb.
     0 | D:1      | Reached XP level 1. HP: 11/11 MP: 2/2
    39 | D:1      | Reached XP level 2. HP: 6/15 MP: 1/3
   429 | D:1      | Found a faded altar of an unknown god.
   623 | D:1      | Reached XP level 3. HP: 13/18 MP: 1/4
  1176 | D:2      | Gained mutation: Your natural rate of healing is unusually
                  | fast. [Vine Stalker growth]
  1176 | D:2      | Reached XP level 4. HP: 11/23 MP: 3/5
  1399 | D:2      | Noticed Jessica
  1460 | D:2      | Reached skill level 5 in Stealth
  1471 | D:2      | Killed Jessica
  1549 | D:2      | Found a shimmering altar of Xom.
  1597 | D:2      | Noticed Robin
  1614 | D:2      | Reached XP level 5. HP: 26/26 MP: 4/6
  1636 | D:2      | Killed Robin
  1637 | D:2      | Reached skill level 6 in Stealth
  2037 | D:2      | Learned a level 2 spell: Ensorcelled Hibernation
  2220 | D:3      | Reached skill level 7 in Stealth
  2277 | D:3      | Noticed Sigmund
  2647 | D:3      | Found a runed translucent door.
  2648 | D:3      | Noticed Crazy Yiuf
  2673 | D:3      | Reached XP level 6. HP: 22/30 MP: 5/7
  2690 | D:3      | Noticed Ijyb
  2701 | D:3      | Killed Ijyb
  2702 | D:3      | Reached skill level 1 in Hexes
  2937 | D:3      | Killed Crazy Yiuf
  3061 | D:3      | Killed Sigmund
  3062 | D:3      | Reached XP level 7. HP: 23/34 MP: 6/8
  3219 | D:3      | Learned a level 3 spell: Tukima's Dance
  3221 | D:3      | Learned a level 1 spell: Corona
  3233 | D:3      | Noticed Grinder
  3238 | D:3      | Paralysed by Grinder for 6 turns
  3293 | D:3      | Killed Grinder
  3294 | D:3      | Reached skill level 5 in Hexes
  3706 | D:4      | Found a glowing drain.
  3743 | Sewer    | Entered a sewer
  4303 | Sewer    | Gained mutation: You have razor-sharp teeth. [Vine Stalker
                  | growth]
  4303 | Sewer    | Reached XP level 8. HP: 25/38 MP: 7/9
  4305 | Sewer    | Gained mutation: Armour fits poorly on your strangely
                  | shaped body. [potion of mutation]
  4305 | Sewer    | Gained mutation: You evolve. [potion of mutation]
  4305 | Sewer    | Gained mutation: Your system is resistant to poisons.
                  | (rPois) [potion of mutation]
  4451 | Sewer    | Gained mutation: You passively map a small area around you.
                  | [evolution]
  4919 | D:4      | Reached skill level 5 in Short Blades
  5026 | D:5      | Entered Level 5 of the Dungeon
  5026 | D:5      | Noticed Pikel
  5048 | D:4      | Killed Pikel
  5112 | D:5      | Reached XP level 9. HP: 42/42 MP: 10/10
  5204 | D:5      | Noticed Prince Ribbit
  5397 | D:5      | Killed Prince Ribbit
  5471 | D:5      | Found a staircase to the Ecumenical Temple.
  5613 | D:5      | Gained mutation: You are robust. (+10% HP) [evolution]
  5759 | D:5      | Noticed Menkaure
  5776 | D:5      | Killed Menkaure
  5801 | D:5      | Found an ancient bone altar of Kikubaaqudgha.
  7013 | D:7      | Noticed Duvessa
  7013 | D:7      | Noticed Dowan
  7014 | D:7      | Killed Dowan
  7015 | D:7      | Reached XP level 10. HP: 53/53 MP: 11/11
  7529 | D:7      | Killed Duvessa
  7546 | D:7      | Noticed Harold
  8191 | D:7      | Killed Harold
  8192 | D:7      | Reached skill level 9 in Stealth
  8263 | D:7      | Found a shadowy altar of Dithmenos.
  8273 | D:7      | Became a worshipper of Dithmenos the Shadowed
  8599 | D:8      | Found a stormy altar of Qazlal.
  8632 | D:8      | Noticed a boulder beetle
  8764 | D:8      | Reached skill level 10 in Stealth
  8929 | D:8      | Reached * piety under Dithmenos
  9305 | D:9      | Found Lecaig's Antique Armour Shoppe.
  9328 | D:9      | Bought a heavily runed leather armour for 168 gold pieces
  9328 | D:9      | Identified the +0 leather armour of Morality {*Slow rN+
                  | Dex+5 SInv} (You bought it in a shop on level 9 of the
                  | Dungeon)
  9392 | D:9      | Reached skill level 11 in Stealth
  9488 | D:9      | Gained mutation: You are clumsy. (Dex -2) [evolution]
  9644 | D:9      | Found a hazy altar of Hepliaklqana.
  9648 | D:9      | Found a broken altar of Ashenzari.
  9649 | D:9      | Found a snail-covered altar of Cheibriados.
  9804 | D:9      | Reached skill level 1 in Dodging
 10035 | D:10     | Entered Level 10 of the Dungeon
 10057 | D:10     | Noticed a two-headed ogre
 10171 | D:9      | Killed a two-headed ogre
 10172 | D:9      | Reached XP level 11. HP: 54/58 MP: 9/12
 10291 | D:10     | Found a staircase to the Orcish Mines.
 10387 | D:10     | Gained mutation: You have sharp toenails. [evolution]
 10432 | D:10     | Found a runed translucent gate.
 10432 | D:10     | Found a runed translucent gate.
 10432 | D:10     | Found a runed translucent gate.
 10437 | D:10     | Noticed micdi's ghost (novice DEAE)
 10501 | D:10     | Noticed Maurice
 10543 | D:10     | Killed Maurice
 10850 | D:10     | Noticed Sonja
 10969 | D:10     | Killed Sonja
 10970 | D:10     | Reached skill level 5 in Dodging
 11650 | D:11     | Noticed a five-headed hydra
 11658 | D:11     | Killed a five-headed hydra
 11744 | D:11     | Found a staircase to the Lair.
 11767 | Lair:1   | Entered Level 1 of the Lair of Beasts
 11851 | Lair:1   | Slain by a blink frog

Illustrated notes

Levels and vault maps discovered:
D:1:      nzn_arrival_depleted_hourglass, layout_rooms,
          ebering_ecumenical_altar_box, serial_corexii_hall,
          corexii_hall_statues_t, chequers_hall_statues_y
D:2:      layout_basic, basic_altar, minmay_tromino_v2, uniq_robin, uniq_jessica
D:3:      layout_loops_ring, serial_rivers, chequers_serial_rivers_micro_e,
          chequers_serial_rivers_marsh, chequers_serial_rivers_large_a,
          chequers_serial_rivers_micro_a, nrook_mini_backslash, st_stairs_9,
          uniq_ijyb, uniq_crazy_yiuf_cottage, uniq_sigmund, uniq_grinder
D:4:      layout_basic, cheibrodos_sewer_entry_sluice, hex_intersection,
          kennysheep_generic_room_3
D:5:      layout_cave_pools, kennysheep_mini, minmay_temple_entry_slanted,
          uniq_prince_ribbit1, uniq_pikel, uniq_menkaure
D:6:      layout_basic, minmay_fractal_squares_5
D:7:      layout_loops_ring, mainiacjoe_overflow_surrounded_room, uniq_duvessa,
          uniq_harold
D:8:      layout_rooms, nicolae_qazlal_general_emergency
D:9:      layout_basic, minitemple, serial_shops,
          nicolae_shop_temple_entry_statues_fountains
D:10:     layout_small_grid, david_orc_2, gammafunk_ghost_nasty_kobolds,
          minmay_splitting_lines, minmay_door_square, grunt_decor_junction,
          uniq_maurice, uniq_sonja
D:11:     layout_long_grid, lair_entry_dummy, serial_glass, glass_columns_a,
          glass_columns_a
Lair:1:   layout_gridlike, portal_ice_cave_demonic_guard,
          small_statue_intersection, cheibrodos_lair_caveside_slide,
          beast_lair_carwin_10

Skill      XL: |  1  2  3  4  5  6  7  8  9 10 11 |
---------------+----------------------------------+-----
Throwing       | 2 3 4 |  4.0
Stealth        | 5 7 11 | 11.7
Hexes          | 3 5 6 8 9 |  9.1
Short Blades   | 3 6 8 |  8.0
Fighting       | 4 |  4.0
Dodging        | 3 7 |  7.2

Action                   |  1- 3 |  4- 6 |  7- 9 | 10-12 || total
-------------------------+-------+-------+-------+-------++-------
Melee: Dagger            |    90 |   113 |   361 |   333 ||   897
       Bite              |    19 |    29 |    94 |   100 ||   242
       Kick              |       |       |       |    26 ||    26
Throw: Dart              |     6 |    20 |    80 |    41 ||   147
       Throwing net      |       |       |       |     8 ||     8
 Cast: Corona            |       |       |     6 |       ||     6
       Ensorcelled Hiber |       |       |     2 |     1 ||     3
       Tukima's Dance    |       |       |       |     6 ||     6
Evoke: Wand              |       |     3 |     3 |     1 ||     7
  Use: Scroll            |       |       |    16 |     4 ||    20
       Potion            |       |       |     2 |     2 ||     4
 Stab: Sleeping          |     9 |     6 |     8 |     9 ||    32
       Distracted        |       |       |     1 |       ||     1
Armor: Robe              |    23 |    24 |    41 |       ||    88
       Steam dragon scal |       |       |     6 |    54 ||    60
Dodge: Dodged            |    39 |    49 |   103 |   135 ||   326
Block: Other             |       |       |    12 |    55 ||    67
       Reflection        |       |       |       |     4 ||     4

Table legend: (Time is in decaauts)
 A = Elapsed time spent in this place.
 B = Non-inter-level travel time spent in this place.
 C = Inter-level travel time spent in this place.
 D = Time resting spent in this place.
 E = Time spent auto-exploring this place.
 F = Levels seen in this place.
 G = Mean time per level.
                   A        B        C        D        E       F      G
               +--------+--------+--------+--------+--------+-----+--------+
         Total |  11813 |  11304 |    509 |   1541 |   6839 |  13 |  908.7 |
       Dungeon |  10801 |  10292 |    509 |   1533 |   6292 |  11 |  981.9 |
          Lair |     69 |     69 |      0 |      0 |     19 |   1 |   69.0 |
         Sewer |    942 |    942 |      0 |      8 |    528 |   1 |  942.0 |
               +--------+--------+--------+--------+--------+-----+--------+

Top non-repeatable levels by time:
     D:6: 1773 daAuts
     D:3: 1320 daAuts
     D:2: 1193 daAuts
     D:1: 1113 daAuts
    D:10: 1105 daAuts
     D:7: 957 daAuts
   Sewer: 942 daAuts
     D:9: 902 daAuts
     D:5: 746 daAuts
     D:4: 672 daAuts
     D:8: 614 daAuts
    D:11: 401 daAuts
  Lair:1: 69 daAuts
